Cogmind - Beta 16 @@@ ROGUE MODE // 2025.12.21 @ 22:41:45 Player: naththebg Result: Self-destructed Performance ------------- Evolutions (9) 4500 Regions Visited (17) 3400 Robots Destroyed (194) 970 Value Destroyed (7523) 7523 Prototype IDs (46) 920 Alien Tech Used (3) 600 Bonus (6479) 6479 TOTAL SCORE: 24392 Bonus ------- Triggered High Security 500 High Alert Combat Kills 2634 Follower Combat Kills 2626 Registered with UFD 300 Met Optimus in HQ 500 Met Zhirov 300 Friendly Fire -381 Cogmind --------- Core Integrity 1600/1600 Matter 211/300 Energy 100/100 System Corruption 0% Temperature Cool (3) Movement Flying (30) Location -1/Access Parts ------- > --- POWER (3) -------- (None) > --- PROPULSION (5) --- Improved Diametric Drive > --- UTILITY (11) ----- Experimental Optical Array Improved System Shield > --- WEAPON (6) ------- (None) > --- INVENTORY (5) ---- Micro Antimatter Reactor Biometal Heavy Treads Improved Weapon Cycler Phase Gun Peak State ------------ > --- POWER ------------ Antimatter Reactor Light Quantum Reactor Light Quantum Reactor > --- PROPULSION ------- High-density Centrium Leg Overtuned Huge Scrapsphere Overtuned Huge Scrapsphere > --- UTILITY ---------- Scrap Suit Advanced Heat Sink High-capacity Storage Unit Advanced Energy Well Experimental Optical Array Advanced Sensor Array Advanced Phase Shifter Advanced Force Field Improved Hacking Suite Improved System Shield > --- WEAPON ----------- Overtuned Railgun Overtuned Railgun Enhanced Hardcell Cannon Mini Smartbomb Launcher > --- INVENTORY -------- Micro Antimatter Reactor Quantum Reactor Light Quantum Reactor Light Quantum Reactor Light Quantum Reactor Biometal Heavy Treads Overtuned Huge Scrapsphere Cooled Field Propulsion Drive Improved Diametric Drive Scrap Suit Improved Matter Compressor Improved Weapon Cycler Graphene Brace Advanced EM Disruption Field Advanced Force Field Phase Gun Phase Gun [Rating: 167] Favorites ----------- Power F-cell Engine Engine F-cell Engine Power Core Neutrino Core Reactor Light Quantum Reactor Propulsion Overtuned Huge Scrapsphere Treads Armored Medium Treads Leg Improved Aluminum Leg Wheel Overtuned Huge Scrapsphere Hover Unit Airjet Flight Unit Improved Diametric Drive Utility Advanced Signal Interpreter Device Scrap Suit Storage High-capacity Storage Unit Processor Advanced Signal Interpreter Hackware Improved System Shield Protection Makeshift Light Armor Plating Weapon Overtuned Coil Gun Energy Gun Overtuned Beamcaster Energy Cannon Heavy Phase Cannon Ballistic Gun Overtuned Coil Gun Ballistic Cannon Heavy Gauss Cannon Launcher Mini Smartbomb Launcher Special Melee Weapon Improved Datajack Build | -11 -10 -10 -10 -8 -8 -6 -6 -6 -5 -5 -5 -5 -4 -4 -3 -2 -1 ------- Run | Yrd Mat Min Sub Rec Scr Fac Was Fac Fac Upp Upp Zhi Pro Fac Res Res Acc Slots Evolved 18 | . . . . . . 8 . . 2 . . . . 2 2 2 2 Power 2 | . . . . . . 1 . . . . . . . . . 1 . Propulsion 3 | . . . . . . 3 . . . . . . . . . . . Utility 9 | . . . . . . 4 . . 2 . . . . 1 2 . . Weapon 4 | . . . . . . . . . . . . . . 1 . 1 2 Parts Attached 147 | 6 4 . 13 1 10 40 1 5 4 4 1 3 . 26 5 24 . Power 23 | 1 . . 1 . 1 8 . . . 1 . 1 . 1 . 9 . Engine 9 | 1 . . 1 . 1 5 . . . 1 . . . . . . . Core 3 | . . . . . . 3 . . . . . . . . . . . Reactor 11 | . . . . . . . . . . . . 1 . 1 . 9 . Propulsion 31 | 2 1 . 3 . 3 8 . 1 . 1 . . . 5 1 6 . Treads 3 | . . . . . . 2 . . . . . . . 1 . . . Leg 11 | 2 1 . 3 . 1 2 . . . . . . . . . 2 . Wheel 10 | . . . . . . 2 . 1 . 1 . . . 3 . 3 . Hover 4 | . . . . . 2 2 . . . . . . . . . . . Flight 3 | . . . . . . . . . . . . . . 1 1 1 . Utility 60 | 1 2 . 1 1 1 14 1 3 3 2 . 2 . 17 4 8 . Device 31 | . 1 . . . 1 8 . 3 2 1 . . . 6 2 7 . Storage 6 | 1 1 . . 1 . 1 . . . . . 2 . . . . . Processor 8 | . . . . . . 3 1 . . . . . . 4 . . . Hackware 6 | . . . . . . 1 . . . . . . . 2 2 1 . Protection 9 | . . . 1 . . 1 . . 1 1 . . . 5 . . . Artifact . | . . . . . . . . . . . . . . . . . . Weapon 33 | 2 1 . 8 . 5 10 . 1 1 . 1 . . 3 . 1 . Energy Gun 15 | 2 1 . 3 . 2 4 . 1 1 . 1 . . . . . . Energy Cannon 2 | . . . 2 . . . . . . . . . . . . . . Ballistic Gun 5 | . . . 2 . . 3 . . . . . . . . . . . Ballistic Cannon 4 | . . . 1 . . . . . . . . . . 2 . 1 . Launcher 5 | . . . . . 2 2 . . . . . . . 1 . . . Special Weapon . | . . . . . . . . . . . . . . . . . . Impact Weapon . | . . . . . . . . . . . . . . . . . . Slashing Weapon . | . . . . . . . . . . . . . . . . . . Piercing Weapon . | . . . . . . . . . . . . . . . . . . Special Melee Weapon 2 | . . . . . 1 1 . . . . . . . . . . . Unidentified Prototypes 21 | . . . . . . 7 1 . 2 . . 4 . 3 2 2 . Corrupted Parts 1 | . . . . . . . . 1 . . . . . . . . . System Corruption 2 | . . . . . . . . 2 . . . . . . . . . Parts Lost 66 | . . . 6 . . 5 . . 3 3 1 . . 23 . 25 . Power 12 | . . . 1 . . . . . 1 . 1 . . 3 . 6 . Propulsion 13 | . . . 3 . . 1 . . 1 . . . . 5 . 3 . Utility 23 | . . . . . . 2 . . . 1 . . . 9 . 11 . Weapon 18 | . . . 2 . . 2 . . 1 2 . . . 6 . 5 . Highest Loss Streak 17 | . . . 3 . . 1 . . 2 5 1 . . 7 . 17 . To Critical Strikes 2 | . . . 1 . . . . . . 1 . . . . . . . Average Backups 13 | 4 7 10 9 12 12 13 16 15 15 15 16 17 17 15 5 13 4 Power . | . 1 1 . . . 1 3 2 1 . . . . . 1 2 1 Propulsion 2 | 3 3 3 1 1 3 2 2 2 3 3 3 3 3 2 . 3 1 Utility 5 | . . 1 1 2 2 5 7 7 8 10 11 10 10 8 3 5 1 Weapon 3 | . 2 5 6 8 6 3 2 3 2 . 1 1 1 1 1 2 1 Tool/Special . | . . . . . . . . . . . . . . . . . . Unused Backups 23 | . 4 . . . 3 6 . 2 1 . . 3 . 1 . 1 2 Power 3 | . . . . . . 1 . 1 . . . . . . . 1 . Propulsion 5 | . 4 . . . . . . . . . . . . . . . 1 Utility 6 | . . . . . . 1 . 1 1 . . 3 . . . . . Weapon 8 | . . . . . 3 4 . . . . . . . . . . 1 Tool/Special 1 | . . . . . . . . . . . . . . 1 . . . Average Slot Usage (%) 78 | . 94 100 95 100 74 77 80 80 75 72 74 72 76 74 57 77 12 Engine 9 | . 14 14 13 14 14 7 13 13 10 10 9 5 5 2 . . . Reactor 1 | . . . . . . . . . . . . 2 5 5 . 11 . Treads 1 | . . . . . . 4 6 3 . . . . . 3 . . . Leg 10 | . 28 28 27 28 25 2 . . . . . . . . . 2 . Wheel 7 | . . . . . . 11 13 15 17 16 17 17 17 10 2 7 . Device 12 | . 9 14 7 . 2 15 20 20 17 17 17 16 17 15 18 19 . Storage 7 | . 14 14 14 14 11 6 6 6 5 5 5 5 5 4 . 6 . Processor 4 | . . . . . . 5 6 6 5 5 5 5 5 7 19 6 4 Hackware 1 | . . . . . . . . . . . . . . 5 10 7 4 Protection 4 | . . . 6 14 11 1 . . 5 5 5 5 5 5 . . . Energy Gun 5 | . 27 28 16 . 1 3 13 12 9 . 1 . 4 1 . . . Energy Cannon 2 | . . . 3 28 4 . . . . 3 5 5 5 2 . . . Ballistic Gun 2 | . . . . . . 8 . . . 4 3 . . 1 . 8 . Ballistic Cannon 1 | . . . 4 . . . . . . . . . . 5 . 1 . Peak Build Rating 167 | 6 10 10 16 17 22 86 86 86 94 89 89 95 95 115 86 167 25 Average Rating 65 | 4 7 10 12 16 18 77 85 83 90 85 87 86 94 100 73 141 25 On Entrance 51 | . 6 10 10 15 17 22 86 86 81 78 88 85 92 95 62 72 25 Avg Prop Armor Cover (%) 7 | . . . . . . 6 9 9 . . . . . 7 16 4 . Naked Turns . | . . . . . . . . . . . . . . . . . . Heaviest Build 142 | 14 21 21 35 45 45 85 80 81 96 99 99 104 106 123 6 142 . Greatest Support 57 | 20 23 23 26 26 33 57 40 48 48 48 48 48 48 48 11 40 7 Greatest Overweight (x) 11 | . 1 . 1 1 4 3 1 2 1 2 2 2 2 11 . 4 . Average Overweight (x) 1 | . . . . 1 . 1 1 1 1 1 1 1 2 2 . 2 . Largest Inventory Capacity 20 | 8 10 10 10 15 15 20 20 20 20 20 20 20 20 20 5 20 5 Average Capacity 16 | 7 9 10 10 13 12 17 20 20 20 20 20 20 20 19 5 18 5 Most Carried 20 | 6 10 10 10 15 15 20 20 20 20 20 20 20 20 20 5 20 5 Average Carried 15 | 4 7 10 9 12 12 16 19 19 19 18 19 20 20 17 5 15 5 Final Capacity 20 | 8 10 10 10 15 15 20 20 20 20 20 20 20 20 5 5 5 5 Final Carried 20 | 6 10 10 8 15 15 20 20 20 20 19 20 20 20 5 5 5 5 Scrap Suit Usage (%) 56 | . . . . . . 89 100 99 100 100 100 100 100 76 . 91 . Parts Cannibalized 24 | . . . . . . 8 . . . . 1 . 1 9 . 5 . Class Distribution -------------------- 52% | Scavenger-Scrapper 38% | Mutant Dominant Class ---------------- Mutant | -10/Materials Mutant | -10/Mines Mutant | -10/Subcaves Mutant | -8/Recycling Mutant | -8/Scraptown Scavenger-Scrapper | -6/Factory Scavenger-Scrapper | -6/Waste Scavenger-Scrapper | -6/Factory Scavenger-Scrapper | -5/Factory Scavenger-Scrapper | -5/Upper Caves Scavenger-Scrapper | -5/Upper Caves Scavenger-Scrapper | -5/Zhirov Scavenger-Scrapper | -4/Proximity Caves Scavenger-Scrapper | -4/Factory Hacker-Scout | -3/Research Scavenger-Scrapper | -2/Research Sprinter | -1/Access Resources | -11 -10 -10 -10 -8 -8 -6 -6 -6 -5 -5 -5 -5 -4 -4 -3 -2 -1 ----------- Run | Yrd Mat Min Sub Rec Scr Fac Was Fac Fac Upp Upp Zhi Pro Fac Res Res Acc Matter Collected 7588 | 240 40 . 311 10 631 2014 59 192 61 409 275 250 124 707 . 2265 . Remotely . | . . . . . . . . . . . . . . . . . . Salvage Created 8389 | . 227 . 338 . 180 2659 250 1052 348 90 334 . 18 1539 . 1354 . Parts 403 | . 10 . 32 . 4 120 3 45 22 7 8 . 2 94 . 56 . Haulers Intercepted 6 | . 1 . . . . 3 . 1 1 . . . . . . . . Recyclers Shooed 11 | . . . . . . 5 . 2 1 . . . . 1 . 2 . Parts Field Recycled . | . . . . . . . . . . . . . . . . . . Retrieved Matter . | . . . . . . . . . . . . . . . . . . Parts Self-Destructed 46 | . . . 23 . 4 . . . . 3 5 . 11 . . . . Prevented . | . . . . . . . . . . . . . . . . . . Parts Restored . | . . . . . . . . . . . . . . . . . . Kills | -11 -10 -10 -10 -8 -8 -6 -6 -6 -5 -5 -5 -5 -4 -4 -3 -2 -1 ------- Run | Yrd Mat Min Sub Rec Scr Fac Was Fac Fac Upp Upp Zhi Pro Fac Res Res Acc Combat Hostiles Destroyed 129 | . 4 . 11 . . 28 1 15 11 2 3 . 2 34 . 18 . Melee 2 | . . . . . . . . . 1 . . . . 1 . . . Guns 49 | . 4 . 7 . . 14 1 8 1 . 1 . . 1 . 12 . Cannons 23 | . . . 4 . . . . . . . 2 . 2 15 . . . AOE 54 | . . . . . . 13 . 7 9 2 . . . 17 . 6 . Classes Destroyed 22 | . 2 . 3 . . 13 1 . . . . . 1 2 . . . Worker 15 | . . . . . . 3 . 2 3 . . . . 5 . 2 . Builder 12 | . . . . . . 4 . 1 3 . . . . 4 . . . Tunneler 4 | . . . . . . 1 . . 1 . . . . 2 . . . Hauler 6 | . 1 . . . . 3 . 1 1 . . . . . . . . Recycler 13 | . . . . . . 7 . 2 . . . . . 2 . 2 . Mechanic 2 | . . . . . . 1 . 1 . . . . . . . . . Operator 2 | . . . . . . 1 . . . . . . . . . 1 . Drone 2 | . . . . . . . . . . . . . 2 . . . . Turret 1 | . . . 1 . . . . . . . . . . . . . . Watcher 6 | . . . . . . 2 . 1 1 . . . . 1 . 1 . Swarmer 48 | . . . 6 . . 6 . 4 9 . 2 . . 16 . 5 . Saboteur 1 | . . . . . . . . . . . . . . 1 . . . Grunt 24 | . 4 . . . . 5 . 7 1 . . . . 4 . 3 . Brawler 4 | . . . . . . 3 . . . . . . . . . 1 . Duelist 5 | . . . . . . 3 . . . . . . . . . 2 . Sentry 6 | . . . . . . 3 . . . . 1 . . 1 . 1 . Specialist 2 | . . . . . . . . . . . . . . 2 . . . Hunter 11 | . . . . . . 2 . 2 . 2 . . . 5 . . . Programmer 21 | . . . . . . 6 . 2 1 . . . . 6 . 6 . Compactor 1 | . . . . . . . 1 . . . . . . . . . . Subdweller 5 | . . . 5 . . . . . . . . . . . . . . Scrapoid 3 | . . . . . . 1 . 1 . . . . . . . 1 . Decomposer 2 | . . . . . . . . . . . 2 . . . . . . Packrat 2 | . . . . . . . . . . . 2 . . . . . . Best Kill Streak 8 | . 2 . 3 . . 7 1 6 6 2 2 . 2 8 . 5 . Combat Bots Only 7 | . 2 . 3 . . 5 1 5 5 2 2 . 2 7 . 3 . Max Kills in Single Turn 7 | . 1 . 1 . . 5 1 5 2 1 1 . 1 7 . 3 . Gunslinging . | . . . . . . . . . . . . . . . . . . Exploded 6 | . . . . . . 4 . 4 2 1 . . . 6 . 2 . Melee 1 | . . . . . . . . . 1 . . . . 1 . . . Uniques/NPCs Destroyed . | . . . . . . . . . . . . . . . . . . Combat | -11 -10 -10 -10 -8 -8 -6 -6 -6 -5 -5 -5 -5 -4 -4 -3 -2 -1 -------- Run | Yrd Mat Min Sub Rec Scr Fac Was Fac Fac Upp Upp Zhi Pro Fac Res Res Acc Hostile Shots Fired 1426 | . 15 . 79 . . 220 . 40 100 25 16 . . 476 8 447 . Missed 528 | . 2 . 24 . . 81 . 10 36 6 1 . . 169 5 194 . Hits 898 | . 13 . 55 . . 139 . 30 64 19 15 . . 307 3 253 . Melee 9 | . . . . . . 1 . . . . . . . 1 . 7 . Projectile 889 | . 13 . 55 . . 138 . 30 64 19 15 . . 306 3 246 . AOE 2 | . . . 2 . . . . . . . . . . . . . . Critical Strikes 40 | . . . 3 . . 4 . 1 4 1 1 . . 10 . 16 . Actively Blocked 4 | . . . . . . . . . . . . . . 4 . . . Part Disruptions 2 | . . . . . . . . . . . . . . 2 . . . Damage Taken 16184 | . 165 . 1112 . . 1775 . 592 1182 387 299 . . 6059 62 4551 . Core 2377 | . 40 . 175 . . 171 . 106 20 . 39 . . 1092 39 695 . Absorbed by Shields 1450 | . . . . . . 222 . . . . . . . . . 1228 . Regen/Repaired (Parts) 1103 | . . . . . 342 404 46 159 20 . 10 . 3 76 . 43 . Core Remaining (%) 61 | 100 . . . . 14 . . 67 . . . . 94 4 97 52 . Volleys Fired 593 | . 15 . 63 . 17 171 8 66 19 5 32 . 2 105 . 90 . Largest 3 | . 2 . 2 . 1 2 2 2 2 1 2 . 1 3 . 3 . Hottest 222 | . 100 . 160 . 30 165 165 181 180 80 171 . 90 222 . 138 . Shots Fired 1031 | . 30 . 108 . 17 286 14 115 25 5 47 . 2 198 . 184 . Gun 748 | . 30 . 72 . 17 281 14 112 14 3 15 . . 32 . 158 . Cannon 244 | . . . 36 . . . . . . . 32 . 2 160 . 14 . Launcher 39 | . . . . . . 5 . 3 11 2 . . . 6 . 12 . Special . | . . . . . . . . . . . . . . . . . . Kinetic 523 | . . . 39 . . 202 . . . . 14 . . 99 . 169 . Thermal 469 | . 30 . 69 . 17 79 14 112 14 3 33 . 2 93 . 3 . Explosive 39 | . . . . . . 5 . 3 11 2 . . . 6 . 12 . Electromagnetic . | . . . . . . . . . . . . . . . . . . Robot Hit Streak 24 | . 11 . 12 . 18 24 9 5 9 4 7 . 3 11 . 11 . Robot Miss Streak 10 | . 4 . 2 . . 5 1 4 3 10 3 . . 6 . 5 . Penetration Max 2 | . . . . . . 1 . . . . . . . 1 . 2 . Secondary Targets 6 | . 1 . 2 . . 1 1 . . . . . . . . 1 . Max Gunslinging Chain 1 | . 1 . 1 . . 1 1 . . . . . . . . 1 . Shots Hit Robots 515 | . 19 . 64 . 18 126 10 49 17 3 16 3 2 86 . 102 . Core Hits 357 | . 10 . 20 . 5 93 3 47 26 8 7 . 2 81 . 55 . Critical Kills 7 | . . . . . . 2 . . . . . . . 1 . 4 . Critical Parts Destroyed 12 | . . . . . . . . . . 1 . . . . . 11 . Critical Strikes 49 | . 3 . 3 . . 9 1 6 1 1 . . . 10 . 15 . Burn 20 | . 3 . 2 . . 7 1 6 1 . . . . . . . . Destroy 19 | . . . . . . 2 . . . 1 . . . 1 . 15 . Blast 10 | . . . 1 . . . . . . . . . . 9 . . . Melee Attacks 5 | . . . . . 1 1 . . . . . 3 . . . . . Impact . | . . . . . . . . . . . . . . . . . . Slashing . | . . . . . . . . . . . . . . . . . . Piercing . | . . . . . . . . . . . . . . . . . . Sneak Attacks 5 | . . . . . 1 1 . . . . . 3 . . . . . Combat Hostiles . | . . . . . . . . . . . . . . . . . . Follow-up Attacks . | . . . . . . . . . . . . . . . . . . Damage Inflicted 23473 | . 235 . 1313 . 152 5557 269 2359 2268 259 451 . 67 5226 . 5317 . Guns 10276 | . 235 . 792 . 152 3679 269 1489 182 69 136 . . 265 . 3008 . Cannons 4370 | . . . 521 . . . . . . . 315 . 67 3081 . 386 . Explosions 8655 | . . . . . . 1848 . 870 2056 190 . . . 1806 . 1885 . Melee . | . . . . . . . . . . . . . . . . . . Ramming 172 | . . . . . . 30 . . 30 . . . . 74 . 38 . Kinetic 8412 | . . . 608 . . 2509 . . . . 136 . . 1791 . 3368 . Thermal 7498 | . 235 . 705 . 152 2079 269 1489 182 69 315 . 67 1910 . 26 . Explosive 7391 | . . . . . . 939 . 870 2056 190 . . . 1451 . 1885 . Electromagnetic . | . . . . . . . . . . . . . . . . . . Impact . | . . . . . . . . . . . . . . . . . . Slashing . | . . . . . . . . . . . . . . . . . . Piercing . | . . . . . . . . . . . . . . . . . . Highest Corruption 22 | . . . . . . 3 7 9 5 5 . . . 10 . 22 . Average Corruption 4 | . . . . . . 1 4 5 3 4 . . . 4 . 7 . Corruption Purged 15 | . . . . . . 3 . 7 . 5 . . . . . . . Corruption Blocked . | . . . . . . . . . . . . . . . . . . Effects 123 | . . . . . . 7 6 44 1 5 . . . 38 . 22 . Message Errors 19 | . . . . . . . 1 7 . 1 . . . 7 . 3 . Matter Fused 30 | . . . . . . 3 2 9 1 1 . . . 8 . 6 . Heat Flow Errors 13 | . . . . . . . . 3 . . . . . 4 . 6 . Energy Discharges 20 | . . . . . . 2 2 8 . 1 . . . 6 . 1 . Parts Fused 3 | . . . . . . 1 . . . . . . . 2 . . . Data Loss (minor) 21 | . . . . . . 1 1 8 . 2 . . . 6 . 3 . Data Loss (major) 4 | . . . . . . . . 1 . . . . . 2 . 1 . Misfires 5 | . . . . . . . . 4 . . . . . 1 . . . Alerts 1 | . . . . . . . . 1 . . . . . . . . . Misdirections 2 | . . . . . . . . . . . . . . 1 . 1 . Weapon Failures 5 | . . . . . . . . 3 . . . . . 1 . 1 . Overload Shots 2 | . . . . . . 2 . . . . . . . . . . . Overflow Damage 506 | . . . 14 . . 105 . 35 71 . 21 . . 161 . 99 . Projectiles 223 | . . . 14 . . . . . . . 21 . . 143 . 45 . Explosions 256 | . . . . . . 105 . 35 44 . . . . 18 . 54 . Melee 27 | . . . . . . . . . 27 . . . . . . . . Knockbacks 30 | . . . 7 . . . . . . . . . . 18 . 5 . Impact 2 | . . . . . . . . . . . . . . 1 . 1 . Kinetic 27 | . . . 6 . . . . . . . . . . 17 . 4 . Secondary 1 | . . . 1 . . . . . . . . . . . . . . Self-Inflicted Damage 543 | . . . . . . 274 . . 51 63 . . . 136 . 19 . Shots 16 | . . . . . . 7 . . 1 3 . . . 5 . . . Rammed 11 | . . . . . . 2 . . 1 . . . . 6 . 2 . Targets Rammed 11 | . . . . . . 2 . . 1 . . . . 6 . 2 . Kicked . | . . . . . . . . . . . . . . . . . . Crushed . | . . . . . . . . . . . . . . . . . . Highest Temperature 348 | . 180 . 164 . 110 328 270 331 145 21 52 . . 348 . 228 . Average Temperature 73 | . 64 . 51 . 54 65 130 85 54 11 26 . . 105 . 61 . Received Heat Transfer 1289 | . 90 . 48 . . 239 . 162 153 . 45 . . 369 9 174 . Effects 2 | . . . . . . . 1 . . . . . . 1 . . . Energy Bleed 1 | . . . . . . . 1 . . . . . . . . . . Damage (minor) 1 | . . . . . . . . . . . . . . 1 . . . Siege Activations . | . . . . . . . . . . . . . . . . . . Martial Activations . | . . . . . . . . . . . . . . . . . . Shielding Activations . | . . . . . . . . . . . . . . . . . . Robots Disrupted . | . . . . . . . . . . . . . . . . . . Combat Hostiles . | . . . . . . . . . . . . . . . . . . Robots Corrupted . | . . . . . . . . . . . . . . . . . . Combat Hostiles . | . . . . . . . . . . . . . . . . . . Parts Fried . | . . . . . . . . . . . . . . . . . . Impact Corruptions 1 | . . . . . . . . . 1 . . . . . . . . Robots Melted 4 | . 1 . . . . 3 . . . . . . . . . . . Combat Hostiles 1 | . . . . . . 1 . . . . . . . . . . . Parts Melted 30 | . 3 . . . . 12 1 7 . . 1 . . 3 . 3 . Heat Transferred 12216 | . 925 . 1289 . 425 3238 522 2912 411 111 333 . 74 1902 . 74 . Parts Sabotaged 3 | . . . . . . . . . . . . . . 3 . . . Parts Stolen . | . . . . . . . . . . . . . . . . . . Parts Stripped . | . . . . . . . . . . . . . . . . . . Power Chain Reactions . | . . . . . . . . . . . . . . . . . . Alert | -11 -10 -10 -10 -8 -8 -6 -6 -6 -5 -5 -5 -5 -4 -4 -3 -2 -1 ------- Run | Yrd Mat Min Sub Rec Scr Fac Was Fac Fac Upp Upp Zhi Pro Fac Res Res Acc Maximum Alert Level 5 | . . . . . . 4 2 5 5 . . . . 3 2 4 3 Low Security (%) 14 | 100 100 100 . 100 . 6 . . . . . . . 11 . 1 . Level 1 16 | . . . . . . 3 1 45 . . . . . 24 92 5 . Level 2 23 | . . . . . . 40 98 13 . . . . . 20 7 15 . Level 3 18 | . . . . . . 17 . 2 . . . . . 43 . 26 100 Level 4 20 | . . . . . . 31 . 4 73 . . . . . . 51 . Level 5 5 | . . . . . . . . 29 26 . . . . . . . . High Security . | . . . . . . . . 5 . . . . . . . . . Max Security . | . . . . . . . . . . . . . . . . . . Peak Influence 2467 | . 87 10 . 7 . 1535 537 2467 1797 . . . . 972 402 1412 812 Initial 1208 | . . 10 . 7 . . 537 273 1208 . . . . . 402 210 812 Average 728 | . 40 1 . . . 814 456 1004 1459 . . . . 533 365 978 812 Influence Increases 10214 | . 132 . 160 . 15 2268 33 2784 896 50 60 . 10 1764 102 1940 . Destroy 0b10 Robot/C 3680 | . 80 . 140 . . 800 . 960 220 40 60 . . 700 . 680 . Destroy 0b10 Robot/NC 465 | . 5 . . . 15 140 . 115 45 . . . 10 70 . 65 . Destroy Leader 724 | . 12 . 20 . . 218 . 202 34 10 . . . 112 . 116 . Allied During Kill 1285 | . . . . . . 161 . 911 5 . . . . 8 . 200 . Successful Hack 96 | . 5 . . . . 17 . 17 . . . . . 24 12 21 . Disable Machine 1290 | . . . . . . 495 . 390 270 . . . . 90 . 45 . Destroy Structure 1489 | . . . . . . 332 33 189 112 . . . . 370 . 453 . Partial Spotted 120 | . . . . . . 45 . . . . . . . 15 15 45 . Lose Combat Pursuer 1065 | . 30 . . . . 60 . . 210 . . . . 375 75 315 . Influence Decreases 9402 | . 105 27 143 17 15 733 1178 707 1551 923 539 460 10 998 494 960 542 Entered New Map 4781 | . . 17 . 10 . . 998 117 1259 671 179 460 . . 364 164 542 Time Decay 3541 | . 105 10 143 7 15 643 160 490 222 222 350 . 10 548 130 486 . Lost Part 600 | . . . . . . 50 . . 30 30 10 . . 230 . 250 . Lost Ally 480 | . . . . . . 40 20 100 40 . . . . 220 . 60 . Squads Dispatched 91 | . . . . . . 24 . 18 9 . . . . 21 5 14 . Investigation 32 | . . . . . . 5 . 8 3 . . . . 8 3 5 . Extermination 20 | . . . . . . 7 . 3 1 . . . . 4 2 3 . Reinforcement 20 | . . . . . . 5 . 5 3 . . . . 5 . 2 . Assault 6 | . . . . . . 1 . 1 2 . . . . 1 . 1 . Garrison 13 | . . . . . . 6 . 1 . . . . . 3 . 3 . Intercept . | . . . . . . . . . . . . . . . . . . Searches Triggered . | . . . . . . . . . . . . . . . . . . Construction Impeded 6 | . . . . . . 1 . 2 . . . . . 2 . 1 . Haulers Reinforced 5 | . . . . . . 2 . 1 2 . . . . . . . . Active Scanning Responses . | . . . . . . . . . . . . . . . . . . Cargo Convoy Interrupts 1 | . . . . . . . . . . . . . . . . 1 . Stealth | -11 -10 -10 -10 -8 -8 -6 -6 -6 -5 -5 -5 -5 -4 -4 -3 -2 -1 --------- Run | Yrd Mat Min Sub Rec Scr Fac Was Fac Fac Upp Upp Zhi Pro Fac Res Res Acc Distress Signals 17 | . 1 . . . . 5 . 1 1 . . . . 4 2 3 . Communications Jammed . | . . . . . . . . . . . . . . . . . . Distress Signals . | . . . . . . . . . . . . . . . . . . Times Spotted 334 | . 9 . 13 . . 50 6 45 36 2 3 . . 67 11 92 . Peak Tracking Total 24 | . 4 . 3 . . 5 5 5 12 2 2 . . 8 8 24 . Tactical Retreats 32 | . 1 . . . . 4 2 . 5 . . . . 13 2 5 . Traps | -11 -10 -10 -10 -8 -8 -6 -6 -6 -5 -5 -5 -5 -4 -4 -3 -2 -1 ------- Run | Yrd Mat Min Sub Rec Scr Fac Was Fac Fac Upp Upp Zhi Pro Fac Res Res Acc Traps Triggered 21 | . . . 3 . . 8 . 1 2 . . . . 3 2 2 . Indirectly . | . . . . . . . . . . . . . . . . . . Trap Hack Attempts . | . . . . . . . . . . . . . . . . . . Triggered . | . . . . . . . . . . . . . . . . . . Disarmed . | . . . . . . . . . . . . . . . . . . Reprogrammed . | . . . . . . . . . . . . . . . . . . Reused . | . . . . . . . . . . . . . . . . . . Traps Extracted . | . . . . . . . . . . . . . . . . . . Installed . | . . . . . . . . . . . . . . . . . . Triggered . | . . . . . . . . . . . . . . . . . . Machines | -11 -10 -10 -10 -8 -8 -6 -6 -6 -5 -5 -5 -5 -4 -4 -3 -2 -1 ---------- Run | Yrd Mat Min Sub Rec Scr Fac Was Fac Fac Upp Upp Zhi Pro Fac Res Res Acc Machines Disabled 89 | . . . 2 . . 33 . 26 18 . 1 . . 6 . 3 . Max in Single Turn 11 | . . . 1 . . 5 . 11 7 . 1 . . 3 . 1 . Garrison Access 4 | . . . . . . 1 . 2 . . . . . 1 . . . Machines Repaired . | . . . . . . . . . . . . . . . . . . Machines Dismantled . | . . . . . . . . . . . . . . . . . . Machines Sabotaged . | . . . . . . . . . . . . . . . . . . Overloaded Fab Kills . | . . . . . . . . . . . . . . . . . . Hacking | -11 -10 -10 -10 -8 -8 -6 -6 -6 -5 -5 -5 -5 -4 -4 -3 -2 -1 --------- Run | Yrd Mat Min Sub Rec Scr Fac Was Fac Fac Upp Upp Zhi Pro Fac Res Res Acc Machines Accessed 75 | . 1 . 1 3 3 16 . 12 5 . 1 7 . 12 8 6 . Terminals 18 | . 1 . . 3 . 5 . 2 1 . . . . 2 3 1 . Fabricators 7 | . . . . . . 3 . 1 1 . . . . 1 . 1 . Repair Stations 2 | . . . . . . 1 . . . . . . . . 1 . . Recycling Units 27 | . . . . . . 5 . 6 3 . . . . 6 4 3 . Scanalyzers 3 | . . . . . . . . 1 . . . . . 1 . 1 . Garrison Access 6 | . . . . . . 2 . 2 . . . . . 2 . . . Total Hacks 186 | . 2 . 5 9 16 31 . 25 10 . 1 43 . 17 14 13 . Successful 125 | . 1 . 5 5 16 14 . 10 5 . 1 43 . 11 6 8 . Failed 59 | . 1 . . 4 . 17 . 14 5 . . . . 5 8 5 . Catastrophic 9 | . . . . 1 . 2 . 1 2 . . . . 1 2 . . Database Lockouts 2 | . . . . . . . . 1 . . . . . 1 . . . Manual 75 | . . . . 4 . 19 . 16 10 . . . . 12 9 5 . Terminals 41 | . 2 . . 9 . 12 . 3 4 . . . . 4 4 3 . Fabricators 12 | . . . . . . 5 . 2 1 . . . . 1 . 3 . Repair Stations 3 | . . . . . . 2 . . . . . . . . 1 . . Recycling Units 50 | . . . . . . 10 . 14 5 . . . . 7 9 5 . Scanalyzers 6 | . . . . . . . . 2 . . . . . 2 . 2 . Garrison Access 9 | . . . . . . 2 . 4 . . . . . 3 . . . Terminal Hacks 72 | . 1 . 5 3 16 1 . . 1 . 1 43 . 1 . . . Record 54 | . . . 5 1 16 . . . . . 1 31 . . . . . Part Schematic 4 | . . . . . . . . . . . . 4 . . . . . Robot Analysis 5 | . . . . . . . . . . . . 4 . 1 . . . Prototype ID Bank 6 | . 1 . . . . 1 . . . . . 4 . . . . . Emergency Access Points 1 | . . . . 1 . . . . . . . . . . . . . Alert Level 2 | . . . . 1 . . . . 1 . . . . . . . . Fabricator Hacks 2 | . . . . . . 1 . . . . . . . . . 1 . Build 2 | . . . . . . 1 . . . . . . . . . 1 . Repair Station Hacks 3 | . . . . . . 2 . . . . . . . . 1 . . Scan Component 1 | . . . . . . 1 . . . . . . . . . . . Repair 1 | . . . . . . 1 . . . . . . . . . . . Refit 1 | . . . . . . . . . . . . . . . 1 . . Recycling Unit Hacks 3 | . . . . . . . . . . . . . . . 1 2 . Report Inventory 1 | . . . . . . . . . . . . . . . . 1 . Retrieve Matter 2 | . . . . . . . . . . . . . . . 1 1 . Scanalyzer 3 | . . . . . . . . 1 . . . . . 1 . 1 . Retrieve Study 3 | . . . . . . . . 1 . . . . . 1 . 1 . Garrison Access Hacks 4 | . . . . . . 1 . 2 . . . . . 1 . . . Seal Access 4 | . . . . . . 1 . 2 . . . . . 1 . . . Unauthorized Hacks 38 | . . . . 2 . 9 . 7 4 . . . . 8 4 4 . Terminals 7 | . . . . 2 . 3 . 1 . . . . . . 1 . . Botnet 7 | . . . . 2 . 3 . 1 . . . . . . 1 . . Fabricators 6 | . . . . . . 2 . 1 1 . . . . 1 . 1 . Liberate 6 | . . . . . . 2 . 1 1 . . . . 1 . 1 . Repair Stations . | . . . . . . . . . . . . . . . . . . Recycling Units 24 | . . . . . . 4 . 5 3 . . . . 6 3 3 . Fedlink 22 | . . . . . . 4 . 4 3 . . . . 6 3 2 . Scrapoids 2 | . . . . . . . . 1 . . . . . . . 1 . Scanalyzers . | . . . . . . . . . . . . . . . . . . Garrison Access 1 | . . . . . . . . . . . . . . 1 . . . Reprogram 1 | . . . . . . . . . . . . . . 1 . . . Data Cores Recovered 1 | . . . . . . . . 1 . . . . . . . . . Used 1 | . . . . . . . . 1 . . . . . . . . . Hacking Detections 37 | . 1 . . 3 . 10 . 10 1 . . . . 3 6 3 . Full Trace Events 5 | . . . . . . 1 . 2 . . . . . 1 . 1 . Feedback Events . | . . . . . . . . . . . . . . . . . . Feedback Blocked . | . . . . . . . . . . . . . . . . . . Robot Schematics Acquired . | . . . . . . . . . . . . . . . . . . Robots Built . | . . . . . . . . . . . . . . . . . . Authchips . | . . . . . . . . . . . . . . . . . . Time . | . . . . . . . . . . . . . . . . . . Total Robot Build Rating . | . . . . . . . . . . . . . . . . . . Part Schematics Acquired 4 | . . . . . . . . . . . . 4 . . . . . Parts Built 3 | . . . . . . 2 . . . . . . . . . 1 . Authchips . | . . . . . . . . . . . . . . . . . . Time 141 | . . . . . . 95 . . . . . . . . . 46 . Total Part Build Rating 19 | . . . . . . 10 . . . . . . . . . 9 . Part Studies Acquired 3 | . . . . . . . . 1 . . . . . 1 . 1 . Parts Repaired 1 | . . . . . . 1 . . . . . . . . . . . Time 56 | . . . . . . 56 . . . . . . . . . . . Parts Recycled . | . . . . . . . . . . . . . . . . . . Recycled Matter . | . . . . . . . . . . . . . . . . . . Retrieved Matter . | . . . . . . . . . . . . . . . . . . Retrieved Components . | . . . . . . . . . . . . . . . . . . Parts Scanalyzed . | . . . . . . . . . . . . . . . . . . Part Schematics Acquired . | . . . . . . . . . . . . . . . . . . Parts Damaged . | . . . . . . . . . . . . . . . . . . Bothacking | -11 -10 -10 -10 -8 -8 -6 -6 -6 -5 -5 -5 -5 -4 -4 -3 -2 -1 ------------ Run | Yrd Mat Min Sub Rec Scr Fac Was Fac Fac Upp Upp Zhi Pro Fac Res Res Acc Used RIF Installer . | . . . . . . . . . . . . . . . . . . Robots Hacked 5 | . . . . . 1 1 . . . . . 3 . . . . . Non-combat 1 | . . . . . . 1 . . . . . . . . . . . Combat 4 | . . . . . 1 . . . . . . 3 . . . . . Robot Hacks Applied 5 | . . . . . 1 1 . . . . . 3 . . . . . parse_system 4 | . . . . . 1 . . . . . . 3 . . . . . find_chute 1 | . . . . . . 1 . . . . . . . . . . . Relay Couplers Released 4 | . . . . . . . . 4 . . . . . . . . . Programmers 4 | . . . . . . . . 4 . . . . . . . . . Fabnet Peak Effective % . | . . . . . . . . . . . . . . . . . . Robots Rewired . | . . . . . . . . . . . . . . . . . . Allies Hacked 2 | . . . . . . 1 . 1 . . . . . . . . . Hacks Repelled . | . . . . . . . . . . . . . . . . . . Allies | -11 -10 -10 -10 -8 -8 -6 -6 -6 -5 -5 -5 -5 -4 -4 -3 -2 -1 -------- Run | Yrd Mat Min Sub Rec Scr Fac Was Fac Fac Upp Upp Zhi Pro Fac Res Res Acc Total Allies 41 | . . . . . 5 . 20 5 . . . . . 6 . 5 . Largest Group 19 | . . . . . 5 5 19 19 3 . . . . 3 . 5 . Highest-Rated Group 684 | . . . . . 235 235 684 684 82 . . . . 141 . 320 . Highest-Rated Ally 64 | . . . . . 47 47 50 50 28 . . . . 49 . 64 . Total Orders 6 | . . . . . . . . . 2 . . . . 4 . . . STAY 1 | . . . . . . . . . 1 . . . . . . . . FOLLOW 1 | . . . . . . . . . 1 . . . . . . . . EXPLORE 4 | . . . . . . . . . . . . . . 4 . . . Ally Attacks 505 | . . . . . . 121 57 173 2 . . . . 11 . 141 . Total Damage 16707 | . . . . . . 2325 2379 7861 46 . . . . 353 . 3743 . Kills 112 | . . . . . . 20 5 62 . . . . . 1 . 24 . Allies Corrupted . | . . . . . . . . . . . . . . . . . . Allies Melted 1 | . . . . . . . . 1 . . . . . . . . . Intel | -11 -10 -10 -10 -8 -8 -6 -6 -6 -5 -5 -5 -5 -4 -4 -3 -2 -1 ------- Run | Yrd Mat Min Sub Rec Scr Fac Was Fac Fac Upp Upp Zhi Pro Fac Res Res Acc Active Infowar (turns) 9492 | . . . . . . 2076 324 1368 478 476 789 160 154 2127 263 1264 13 Optics 2469 | . . . . . . . . . . . . . . 929 263 1264 13 Sensors 9266 | . . . . . . 2076 324 1368 478 476 789 160 154 1935 263 1243 . Robot Analysis Total 5 | . . . . . . . . . . . . 4 . 1 . . . Derelict Logs Recovered 6 | . . . 1 . 2 . . . . 2 1 . . . . . . Drone Launches 17 | . . . . . . . . . . . . . . 17 . . . Drone Recoveries 5 | . . . . . . . . . . . . . . 5 . . . Exploration | -11 -10 -10 -10 -8 -8 -6 -6 -6 -5 -5 -5 -5 -4 -4 -3 -2 -1 ------------- Run | Yrd Mat Min Sub Rec Scr Fac Was Fac Fac Upp Upp Zhi Pro Fac Res Res Acc Turns Passed 15949 | 75 224 160 1691 487 3131 2749 324 1368 478 476 789 160 154 2143 263 1264 13 Spaces Moved 13176 | 55 116 134 1099 251 2172 2411 310 1228 506 512 604 164 164 1720 594 1093 43 Core 159 | 9 . . . . . . . . . . . . . 124 26 . . Treads . | . . . . . . . . . . . . . . . . . . Legs 3711 | 46 116 134 1099 251 2021 33 . . . . . . . . . 11 . Wheels 8192 | . . . . . . 2280 310 1228 506 512 604 164 164 1596 . 828 . Hover 249 | . . . . . 151 98 . . . . . . . . . . . Flight 865 | . . . . . . . . . . . . . . . 568 254 43 Fastest Speed 30 | 50 120 120 120 190 116 48 80 80 80 80 80 80 90 50 30 30 30 Average Speed 97 | 108 122 120 130 190 134 82 80 86 80 87 85 84 90 90 38 83 30 Slowest Speed 400 | 120 190 120 190 190 300 123 80 90 80 90 90 90 90 215 50 400 30 Overloaded Moves . | . . . . . . . . . . . . . . . . . . Propulsion Burnouts . | . . . . . . . . . . . . . . . . . . Robots Hopped 11 | . . . . . . . . . . . . . . . 2 9 . Potential Cave-ins . | . . . . . . . . . . . . . . . . . . Cave-ins Triggered . | . . . . . . . . . . . . . . . . . . Teleports 1 | . . . . . . . . . . . . . . 1 . . . Exploration Rate (%) 44 | 3 23 28 73 43 88 60 90 35 19 65 69 62 32 50 27 30 2 Regions Visited 17 Branch Regions 8 Pre-discovered Areas 3 | . . . 1 . 1 1 . . . . . . . . . . . Known Exits Taken 9 | . . . 1 . . . . 1 1 1 1 1 1 1 1 . . Unknown Exits Taken 6 | 1 1 1 . 1 1 . . . . . . . . . . 1 . Scrap Searched 18 | . . . 4 . 5 . . . . 4 3 . 2 . . . . Spaces Dug 316 | . . . 3 . . 154 2 6 . 65 17 . . 45 . 24 . Terrain Destroyed 928 | . . . 5 . . 333 2 35 57 109 23 . . 215 . 149 . Melee . | . . . . . . . . . . . . . . . . . . Projectile 334 | . . . 5 . . 126 2 14 1 . 23 . . 72 . 91 . AOE 594 | . . . . . . 207 . 21 56 109 . . . 143 . 58 . Terrain Rammed . | . . . . . . . . . . . . . . . . . . Walls Destroyed . | . . . . . . . . . . . . . . . . . . Machines Disabled . | . . . . . . . . . . . . . . . . . . Actions | -11 -10 -10 -10 -8 -8 -6 -6 -6 -5 -5 -5 -5 -4 -4 -3 -2 -1 --------- Run | Yrd Mat Min Sub Rec Scr Fac Was Fac Fac Upp Upp Zhi Pro Fac Res Res Acc Total 15496 | 68 169 133 1238 262 2377 2993 375 1450 555 534 829 185 167 2150 623 1345 43 Wait 1267 | . 18 . 49 . 144 286 54 137 15 2 192 1 1 242 22 104 . Move 13139 | 54 115 133 1098 250 2171 2411 309 1227 505 511 603 163 163 1719 589 1075 43 Hop 10 | . . . . . . . . . . . . . . . 2 8 . Pick Up 115 | 8 9 . 8 9 16 21 1 3 3 6 1 4 . 10 . 16 . Fast Attach 66 | 4 2 . 1 . 5 22 . 2 2 . . 4 . 7 5 12 . Attach 66 | 2 1 . 6 . 2 8 1 1 2 6 . . . 25 . 12 . Detach 19 | . . . . . 2 5 . . . 1 . . . 8 . 3 . Swap 77 | . 2 . 8 1 6 26 1 8 6 1 1 4 1 6 . 6 . Drop 103 | . 7 . 5 2 13 34 1 6 2 2 . 6 . 9 5 11 . Fire 593 | . 15 . 63 . 17 171 8 66 19 5 32 . 2 105 . 90 . Melee 5 | . . . . . 1 1 . . . . . 3 . . . . . Ram 10 | . . . . . . 1 . . 1 . . . . 6 . 2 . Kick . | . . . . . . . . . . . . . . . . . . Crush 1 | . . . . . . 1 . . . . . . . . . . . Escape Stasis 20 | . . . . . . 6 . . . . . . . 8 . 6 . Rewire . | . . . . . . . . . . . . . . . . . . Trap . | . . . . . . . . . . . . . . . . . . Miscellaneous 5 | . . . . . . . . . . . . . . 5 . . . Route ------- -11/Scrapyard -10/Materials -10/Mines -10/Subcaves (discovered 4 exits: [*Mat x2] / *Rec / *Scr) -8/Recycling -8/Scraptown (discovered 2 exits: *Fac x2) -6/Factory (discovered 6 exits: *Fac x3 / *Low x2 / *Ext) -6/Waste -6/Factory (discovered 2 exits: *Fac / *Low) -5/Factory -5/Upper Caves -5/Upper Caves -5/Zhirov -4/Proximity Caves -4/Factory (discovered 2 exits: *Res x2) -3/Research (discovered 2 exits: *Res / Arm) -2/Research (discovered 2 exits: [*Acc x2]) -1/Access History --------- Turn | Location | Event 21 | -11/Scrapyard | Discovered new exit (range 15) 76 | -11/Scrapyard | Entered Materials 285 | -10/Materials | Discovered new exit (range 9) 300 | -10/Materials | Entered Mines 312 | -10/Mines | Build established: Mutant 454 | -10/Mines | Discovered new exit (range 6) 460 | -10/Mines | Entered Subcaves 461 | -10/Subcaves | Approached by a straggling Scientist 555 | -10/Subcaves | A swath of the cavern ceiling suddenly collapsed 1046 | -10/Subcaves | A swath of the cavern ceiling suddenly collapsed 1065 | -10/Subcaves | Discovered new exit (range 8) 1142 | -10/Subcaves | Core integrity fell below 50% 1192 | -10/Subcaves | Lost 3 parts (2n1w) 1208 | -10/Subcaves | Shifting Twisted Machinery released Battle Cannon 1208 | -10/Subcaves | Shifting Twisted Machinery released Sub. Beam Cannon 1431 | -10/Subcaves | Discovered new exit (range 14) 1493 | -10/Subcaves | Visited Clippyterm 1497 | -10/Subcaves | Identified exit to Recycling 1497 | -10/Subcaves | Learned Factory emergency access door positions 1808 | -10/Subcaves | Core integrity fell below 20% 2151 | -10/Subcaves | Entered Recycling 2594 | -8/Recycling | Scanned before Scraplab entrance 2621 | -8/Recycling | Entered Scraplab 2636 | -8/Recycling | Discovered new exit (range 2) 2638 | -8/Recycling | Entered Scraptown 2882 | -8/Scraptown | Heard Great Nut preacher, LISTEN AND RECITE! 2950 | -8/Scraptown | Scanned Subdweller tech in exchange for log data 2956 | -8/Scraptown | Learned location of 2 exits from Proximity Caves 2958 | -8/Scraptown | Learned location of Warlord (-4) 2982 | -8/Scraptown | Discovered new exit (range 11) 3573 | -8/Scraptown | Visited UFD Registry 3573 | -8/Scraptown | Registered with UFD as "Hammertalker" 3591 | -8/Scraptown | Visited IN-MT5's Study 3640 | -8/Scraptown | Visited Shadow of the Wyrm 3667 | -8/Scraptown | Visited Assassins FH 3716 | -8/Scraptown | Visited Spacefarers 3738 | -8/Scraptown | Visited CR-KLE's Repair Center 3749 | -8/Scraptown | Visited Cyclists 3757 | -8/Scraptown | Entered Cyclist Reading Room 3790 | -8/Scraptown | Visited Comm Corps 3866 | -8/Scraptown | Visited DA-N13 Charitable Foundation 3871 | -8/Scraptown | Found DCF Scrap (29 items) 3899 | -8/Scraptown | Visited Scrapoid Pod Storage 3951 | -8/Scraptown | Visited Chapter 10 4124 | -8/Scraptown | Visited Abandonware Association 4137 | -8/Scraptown | Learned abandonware demo "KABOOM.EXE" 4137 | -8/Scraptown | Learned abandonware demo "MELTYB.EXE" 4254 | -8/Scraptown | Visited Curators Association 4298 | -8/Scraptown | Visited Science Testing Area 4495 | -8/Scraptown | Found Scrapoid Pod 5063 | -8/Scraptown | Scrapoid Pod released 08S05-D (x5) 5254 | -8/Scraptown | Visited Derelict Rescue Squad 5487 | -8/Scraptown | CR-KLE repaired 6 parts 5704 | -8/Scraptown | Met Optimus 5704 | -8/Scraptown | Accepted into 0bPrime 5760 | -8/Scraptown | Discovered new exit (range 3) 5769 | -8/Scraptown | Entered Factory 5769 | -6/Factory | Accompanied by 5 allies 5769 | -6/Factory | Evolved 8 slots: Power x1, Propulsion x3, Utility x4 5951 | -6/Factory | Garrison activated, responded to threat 5991 | -6/Factory | Found Scrap Suit 6215 | -6/Factory | Discovered new exit (range 5) 6218 | -6/Factory | Identified exit to Lower Caves 6228 | -6/Factory | Fabricated Imp. Cryofiber Web? 6319 | -6/Factory | Build established: Scavenger-Scrapper 6345 | -6/Factory | Garrison activated, responded to threat 6559 | -6/Factory | Discovered exit to Lower Caves (range 10) 6793 | -6/Factory | Loaded intel: 8 recycling unit locations 6837 | -6/Factory | Discovered new exit (range 4) 7005 | -6/Factory | Found Prototype Launcher 7005 | -6/Factory | Identified Scatter Rocket Array 7048 | -6/Factory | Discovered new exit (range 10) 7081 | -6/Factory | Identified exit to Factory 7400 | -6/Factory | Discovered new exit (range 14) 7430 | -6/Factory | Identified exit to Extension 7760 | -6/Factory | Learned location of Protoforge (-2) 7769 | -6/Factory | Discovered exit to Factory (range 10) 7869 | -6/Factory | First assault squad dispatched 7947 | -6/Factory | Found Prototype Processor 8129 | -6/Factory | Repaired Arm. Medium Treads 8518 | -6/Factory | Sucked down chute 8518 | -6/Factory | Entered Waste 8519 | -6/Waste | Met a frightened Derelict 8539 | -6/Waste | Spotted C-40 Crusher 8541 | -6/Waste | Spotted C-40 Crusher 8550 | -6/Waste | Spotted C-40 Crusher 8560 | -6/Waste | Spotted C-40 Crusher 8564 | -6/Waste | Destroyed C-40 Crusher 8643 | -6/Waste | Spotted C-40 Crusher 8651 | -6/Waste | Spotted C-40 Crusher 8699 | -6/Waste | Warlord forces began an assault 8712 | -6/Waste | Identified Exp. Targeting Computer 8721 | -6/Waste | Allies destroyed C-40 Crusher 8723 | -6/Waste | Allies destroyed C-40 Crusher 8723 | -6/Waste | Allies destroyed C-40 Crusher 8736 | -6/Waste | Allies destroyed C-40 Crusher 8773 | -6/Waste | Discovered new exit (range 16) 8808 | -6/Waste | Identified exit to Factory 8842 | -6/Waste | Entered Factory 8842 | -6/Factory | Accompanied by 19 allies 8961 | -6/Factory | Discovered exit to Lower Caves (range 16) 9198 | -6/Factory | Central database locked down 9493 | -6/Factory | Loaded intel: 8 recycling unit locations 9547 | -6/Factory | Lost 4 allies 9644 | -6/Factory | Garrison activated, responded to threat 9650 | -6/Factory | Scrapoids reinforcements arrived? 9687 | -6/Factory | Spotted B-75 Beast 9692 | -6/Factory | Allies destroyed B-75 Beast 9756 | -6/Factory | Found Corrupted Scrap Suit 9761 | -6/Factory | Lost 7 allies 9780 | -6/Factory | Found Scrap Suit 9892 | -6/Factory | First assault squad dispatched 10050 | -6/Factory | Discovered exit to Factory (range 12) 10140 | -6/Factory | High security lockdown imminent 10210 | -6/Factory | Entered another Factory area 10210 | -5/Factory | Accompanied by 3 allies 10210 | -5/Factory | Evolved 2 slots: Utility x2 10510 | -5/Factory | First assault squad dispatched 10556 | -5/Factory | Loaded intel: 8 recycling unit locations 10669 | -5/Factory | Discovered new exit (range 12) 10687 | -5/Factory | Identified exit to Upper Caves 10688 | -5/Factory | Entered Upper Caves 10726 | -5/Upper Caves | Lost 5 parts (1p1n1u2w) 10825 | -5/Upper Caves | Encountered a Warlord checkpoint 10835 | -5/Upper Caves | Learned 4 Factory zone layouts 10963 | -5/Upper Caves | Discovered new exit (range 6) 10968 | -5/Upper Caves | Identified exit to Upper Caves 11164 | -5/Upper Caves | Entered another Upper Caves area 11248 | -5/Upper Caves | Found Alien Artifact 11384 | -5/Upper Caves | Spotted B-75 Beast 11690 | -5/Upper Caves | Attracted the attention of an 0b10 checkpoint 11811 | -5/Upper Caves | Learned location of 1 exit from Factory 11845 | -5/Upper Caves | Discovered new exit (range 13) 11870 | -5/Upper Caves | Identified exit to Zhirov 11953 | -5/Upper Caves | Entered Zhirov 11953 | -5/Zhirov | Discovered new exit (range 3) 11968 | -5/Zhirov | Met Zhirov 12012 | -5/Zhirov | Zhirov requested help retrieving the SGEMP Prototype 12025 | -5/Zhirov | Found Alien Artifact 12025 | -5/Zhirov | Identified Integrated Dissipator 12025 | -5/Zhirov | Installed Integrated Dissipator, increased core heat dissipation (+20) 12079 | -5/Zhirov | Found Alien Artifact 12113 | -5/Zhirov | Identified exit to Proximity Caves 12113 | -5/Zhirov | Entered Proximity Caves 12114 | -4/Proximity Caves | Identified exit to Factory 12267 | -4/Proximity Caves | Entered Factory 12267 | -4/Factory | Evolved 2 slots: Utility x1, Weapon x1 12268 | -4/Factory | Identified exit to Research 12312 | -4/Factory | Central database locked down 12405 | -4/Factory | Loaded intel: 8 recycling unit locations 12799 | -4/Factory | Spotted B-86 Titan 13369 | -4/Factory | Destroyed 7 combat bots 13431 | -4/Factory | Discovered exit to Research (range 14) 13504 | -4/Factory | Spotted B-86 Titan 13767 | -4/Factory | First assault squad dispatched 14088 | -4/Factory | Found Prototype Launcher 14088 | -4/Factory | Identified Mni. Smartbomb Launcher 14093 | -4/Factory | Identified Dimensional Node Initializer 14093 | -4/Factory | Initialized slip node 14096 | -4/Factory | Core integrity fell below 50% 14096 | -4/Factory | Core integrity fell below 20% 14098 | -4/Factory | Identified Transdimensional Reconstructor 14098 | -4/Factory | Warped through subspace 14126 | -4/Factory | Lost 7 parts (1p3n1u2w) 14147 | -4/Factory | System corruption reached 10% 14317 | -4/Factory | Lost 6 parts (1p1n3u1w) 14392 | -4/Factory | Lost 10 allies 14410 | -4/Factory | Entered Research 14410 | -3/Research | Evolved 2 slots: Utility x2 14411 | -3/Research | Identified exit to Armory 14564 | -3/Research | Loaded intel: 5 recycling unit locations 14603 | -3/Research | Spotted B-86 Titan 14660 | -3/Research | Discovered new exit (range 22) 14672 | -3/Research | Identified exit to Research 14673 | -3/Research | Entered another Research area 14673 | -2/Research | Evolved 2 slots: Power x1, Weapon x1 14695 | -2/Research | Loaded intel: 5 recycling unit locations 14709 | -2/Research | Build established: Hacker-Scout 14722 | -2/Research | Scrapoids reinforcements arrived? 14756 | -2/Research | Found Scrap Suit 14798 | -2/Research | Found Scrap Suit 14824 | -2/Research | Lost 3 allies 14837 | -2/Research | Spotted B-90 Cyclops 14972 | -2/Research | Fabricated Biometal Heavy Treads? 15023 | -2/Research | Garrison activated, responded to threat 15039 | -2/Research | Found Scrap Suit 15112 | -2/Research | Build established: Scavenger-Scrapper 15423 | -2/Research | First assault squad dispatched 15541 | -2/Research | Cargo convoy interrupted 15739 | -2/Research | Spotted B-90 Cyclops 15798 | -2/Research | Discovered new exit (range 7) 15821 | -2/Research | Lost 4 parts (2u2w) 15888 | -2/Research | Spotted Executioner 15899 | -2/Research | System corruption reached 10% 15903 | -2/Research | Spotted Executioner 15930 | -2/Research | Discovered new exit (range 21) 15937 | -2/Research | Entered Access 15937 | -1/Access | Evolved 2 slots: Weapon x2 15950 | -1/Access | Self-destructed Last Messages --------------- 15918_ Scrap Suit destroyed. 15919_ U-05 Engineer builds a Wall. 15919_ Dropped Hcp. Storage Unit. 15919_ Slug penetrates Wall. 15919_ Penetrated by Slug. 15919_ Quantum Reactor destroyed. 15920_ Dropped Ovr. Huge Scrapsphere. 15920_ Dropped Hds. Centrium Leg. 15921_ U-05 Engineer builds a Wall. 15922_ P-80 Master resets P-80 Master, system corruption cleaned. 15930_ EXIT=FOUND 15932_ AJRRAGFP26P6%/CXXGIAHHUFJQ9IKA7WMS|KJVE 15934_ Adv. Heat Sink destroyed. 15936_ Cld. Field Propulsion Drive destroyed. 15936_ Critical hit (Blast). 15936_ Knocked back. PARAMETERS=WEAPON+2 LOCATION=UNKNOWN GOAL=ESCAPE Map ----- +----------------------------------------------------+ | ???????????????????# #?????????? | | ???????????????????# #?????????? | | ???????????????????# #?????????? | | ???????????????????# #?????????? | | ???????????????????# #?????????? | | ???????????????????# #?????????? | | ???????????????????# #?????????? | | ???????????????????# #?????????? | | ?????######????????+ +?????????? | | ?????# #????????# #??######## | | ?????# #???????## ##?# | | ?????# ######### #?# | | ?????# ### | | ?????# " | | ?????# ### | | ?????# R######### #?# | | ?????# #???????### ###?# | | ?????# #?????????# #???# | | ?????# +?????????# #???# | | ###### #?????????# #???# | | # # #?????????# #???# | | # # #?????????# #???# | | # # #?????????# #???# | | # # ##????????# #???# | | # + +????????# #???######## | | # ####@##????????+ ??????????? | | #= #? #????????# ??????????? | | # ## #????????? ??????????? | | # ## ***#????????? ??????????? | | ####### ***#????????? ??????????? | | ??????# ***#????????? ??????????? | | ??????# #????????? ??????????? | | ??????# ! #????????? ??????????? | | ??????# #????????? ??????????? | | ??????# #?????????+#??????????? | | ??????######?????????????????????? | | ?????????????????????????????????? | | ?????????????????????????????????? | | ?????????????????????????????????? | | ?????????????????????????????????? | | ?????????????????????????????????? | | ?????????????????????????????????? | | ?????????????????????????????????? | | ?????????????????????????????????? | | ?????????????????????????????????? | | ?????????????????????????????????? | | ?????????????????????????????????? | | ?????????????????????????????????? | | ?????????????????????????????????? | | ?????????????????????????????????? | +----------------------------------------------------+ Best States ------------- Heat Dissipation 90 Energy Generation 67 Energy Capacity 1165 Matter Stores 300 Matter Capacity 600 Sight Range 23 Robot Scan Range 16 Terrain Scan Density 10 Armor Coverage 675 Weapon Cycling 20 Phase Shifting 15 Evasion (%) 64 Targeting Accuracy 8 Recoil Reduction 1 Offensive Hacking 24 Defensive Hacking 14 Item Schematics ----------------- Assault Drone Bay | -5/Zhirov | Free Exp. Heat Sink | -5/Zhirov | Free Exp. Optical Array | -5/Zhirov | Free Imp. Arc Thrower | -5/Zhirov | Free Robot Schematics ------------------ None Fabricated ------------ Imp. Cryofiber Web | x2 | -6/Factory | Preloaded Biometal Heavy Treads | x1 | -2/Research | Preloaded Repaired ---------- Arm. Medium Treads | 24% | -6/Factory Studied --------- Rocket Launcher | -6/Factory | Hacked Hvy. Phase Cannon | -4/Factory | Hacked Lgt. Quantum Reactor | -2/Research | Hacked Alien Tech Used ----------------- Integrated Dissipator Dimensional Node Initializer Transdimensional Reconstructor Achievements -------------- Junior Dev Not Today, Chutes Challenges ------------ None Game ------ Seed BombLegShell Manual? 0 Play Time 03:03:49 Cumulative 407.7 hours Start 2025.12.12 @ 22:42:26 End 2025.12.21 @ 22:41:45 Sessions 5 Manual Loads 0 Difficulty Rogue Special Mode None Game No. 193 Rogue 193 Adventurer 0 Explorer 0 Win Type - Total 12 Types 9/0/2/0/0/0/0/0/0/1 Lore% 84 Gallery% 82 Achievement% 56 Wizard Run 0 Options --------- Layout 1 ASCII 0 Keyboard 0 Movement Mouse Keybinds 0 Fullscreen 1 Font 24/Smallcaps Map View 50x35 Zoom Use 0% Tactical HUD 1 Map Filters NONE Filters NONE Steam 1 RUN: 4f396b0d-4e9f-4b12-88ef-ac5192e520a9